 Dungeon Crawl Stone Soup version 0.17-a0-1636-g3119f2b (webtiles) character file.

644 Malak the Caller (level 7, -3/36 HPs)
             Began as a Deep Elf Summoner on Aug 4, 2015.
             Slain by an orc warrior
             ... wielding a +0 flail
              (8 damage)
             ... on level 6 of the Dungeon on Aug 6, 2015.
             The game lasted 00:36:37 (4039 turns).

Malak the Caller (Deep Elf Summoner)                Turns: 4039, Time: 00:36:38

Health: -3/36      AC:  4    Str:  5    XL:     7   Next: 27%
Magic:  2/19       EV: 13    Int: 22    God:
Gold:   230        SH:  0    Dex: 15    Spells: 4 memorised, 10 levels left

rFire  . . .     SeeInvis .     m - +1 hand axe (freeze)
rCold  . . .     Clarity  .     a - +0 robe
rNeg   . . .     SustAt   .     (no shield)
rPois  .         Gourm    .     r - +0 helmet
rElec  .         Spirit   .     (no cloak)
rCorr  .         Warding  .     (no gloves)
rMut   .         Stasis   .     i - +0 pair of boots
MR     .....                    (no amulet)
Stlth  +++.......               (no ring)
                                (no ring)

@: not resistant to hostile enchantments, fairly stealthy
A: no striking features
a: no special abilities


You were on level 6 of the Dungeon.
You were not hungry.

You visited 1 branch of the dungeon, and saw 6 of its levels.
You also visited: Sewer.

You collected 230 gold pieces.

Inventory:

Hand weapons
 k - a +0 short sword
 m - a +1 hand axe of freezing (weapon)
Missiles
 f - 8 sling bullets of frost
Armour
 a - a +0 robe (worn)
 i - a +0 pair of boots (worn)
 r - a +0 helmet (worn)
 v - a troll hide {Purgy}
Magical devices
 q - a wand of flame (19)
 u - a wand of confusion (28)
Scrolls
 e - 5 scrolls of teleportation
 g - 5 scrolls of identify {unknown}
 h - 2 scrolls of recharging {unknown}
 j - 2 scrolls of amnesia {unknown}
 n - 3 scrolls of remove curse {unknown}
 p - a scroll of enchant armour {unknown}
 w - a scroll of random uselessness {unknown}
 y - 3 scrolls of enchant weapon {unknown}
Potions
 d - 3 potions of curing {unknown}
 l - 2 potions of cancellation {unknown}
 s - a potion of magic {unknown}
 x - a potion of brilliance {unknown}
 A - a potion of resistance {unknown}
Books
 b - a book of Callings

   Spells                             Type                      Level
   a - Summon Small Mammal            Summoning                    1
   b - Call Imp                       Summoning                    2
   c - Call Canine Familiar           Summoning                    3
   d - Summon Guardian Golem          Hexes/Summoning              3
   e - Summon Lightning Spire         Summoning/Air                4
   f - Summon Ice Beast               Ice/Summoning                4
Comestibles
 c - 3 bread rations
 o - 5 meat rations
 z - 2 beef jerkies


   Skills:
 - Level 0.1 Fighting
 + Level 3.4 Dodging
 + Level 4.0 Stealth
 + Level 7.1 Spellcasting
 + Level 7.1 Summonings
 + Level 0.6 Air Magic


You had 10 spell levels left.
You knew the following spells:

 Your Spells              Type           Power        Failure   Level  Hunger
a - Summon Small Mammal   Summ           ####         1%          1    None
b - Call Imp              Summ           #####...     1%          2    None
c - Call Canine Familiar  Summ           #####...     1%          3    None
d - Summon Lightning Spi  Summ/Air       ###.....     17%         4    ###....


Dungeon Overview and Level Annotations

Branches:
Dungeon (6/15)
 Temple: D:4-7

Altars:
Ashenzari
Cheibriados
Kikubaaqudgha
Makhleb
Qazlal
Ru
The Shining One


Message History

A metallic apparition takes form in the air.
You hit the orc warrior but do no damage.
The orc warrior is heavily wounded.
Your iron imp completely misses the orc warrior.
The orc warrior hits you with a flail!
Your iron imp hits the orc warrior but does no damage.
You hit the orc warrior but do no damage.
The orc warrior is heavily wounded.
The orc warrior closely misses you.
You hit the orc warrior but do no damage.
The orc warrior is heavily wounded.
The orc warrior hits you but does no damage.
Your iron imp completely misses the orc warrior.
You hit the orc warrior but do no damage.
The orc warrior is heavily wounded.
The orc warrior hits you with a flail!
* * * LOW HITPOINT WARNING * * *
Your iron imp hits the orc warrior but does no damage.
The orc warrior hits you with a flail!
You die...

### ###
#####.######.#########
#.....o5..............
#####@#.#.##.#########
#.#.#.#.........
#####.#>#.#..#######
#.............
#####.#......#
#.#......# #.#......#
#.#....... #.#......


You could see an orc warrior and a friendly iron imp.

Vanquished Creatures
  A water moccasin skeleton (D:4)
  A hound (D:5)
  A worker ant (D:3)
  An adder (D:3)
  A giant gecko (D:4)
  4 giant cockroaches
  A ball python (D:4)
  A giant gecko skeleton (D:4)
  A giant newt (D:2)
  3 goblins
  2 kobolds
  4 rats
21 creatures vanquished.

Vanquished Creatures (collateral kills)
  Purgy (Sewer)
  An ice beast (D:5)
  2 centaurs
  2 ogres (D:4)
  Blork the orc (D:4)
  2 scorpions (D:4)
  An orc priest (D:6)
  2 orc wizards
  3 worker ants
  Natasha (thrice) (D:2)
  A hound skeleton (D:4)
  7 adders
  A worker ant zombie (D:5)
  A gnoll (D:1)
  2 oozes
  A giant gecko (D:3)
  12 orcs
  5 giant cockroaches
  A hobgoblin (D:3)
  6 jackals
  3 ball pythons
  5 bats
  2 giant newts
  4 goblins
  8 kobolds
  A quokka (D:2)
  3 rats
  A plant (D:4)
82 creatures vanquished.

Grand Total: 103 creatures vanquished

Notes
Turn   | Place    | Note
--------------------------------------------------------------
     0 | D:1      | Malak the Deep Elf Summoner began the quest for the Orb.
     0 | D:1      | Reached XP level 1. HP: 10/10 MP: 6/6
   341 | D:1      | Reached XP level 2. HP: 13/15 MP: 5/8
   348 | D:1      | Learned a level 2 spell: Call Imp
   452 | D:1      | Upgraded the game from 0.17-a0-1634-g6672d08 to 0.17-a0-1636-g3119f2b
   608 | D:2      | Found a glowing golden altar of the Shining One.
   618 | D:2      | Reached skill level 5 in Summonings
   742 | D:2      | Noticed Natasha
   766 | D:2      | Killed Natasha
   766 | D:2      | Reached XP level 3. HP: 19/19 MP: 3/9
   797 | D:2      | Learned a level 3 spell: Call Canine Familiar
   843 | D:2      | Found a snail-covered altar of Cheibriados.
   884 | D:2      | Found a stormy altar of Qazlal.
   886 | D:2      | Noticed an earth elemental
   886 | D:2      | Noticed a water elemental
   887 | D:2      | Noticed an air elemental
   887 | D:2      | Noticed a fire elemental
   941 | D:2      | Noticed Natasha
   955 | D:2      | Killed Natasha
  1071 | D:2      | Found an ancient bone altar of Kikubaaqudgha.
  1260 | D:2      | Found a shattered altar of Ashenzari.
  1300 | D:2      | Noticed Natasha
  1363 | D:2      | Killed Natasha
  1686 | D:3      | Reached XP level 4. HP: 8/24 MP: 1/11
  1740 | D:3      | Found a burning altar of Makhleb.
  1780 | D:3      | Found a glowing drain.
  1784 | Sewer    | Entered a sewer
  1905 | Sewer    | Noticed Purgy
  1919 | Sewer    | Killed Purgy
  1977 | Sewer    | Reached XP level 5. HP: 15/28 MP: 10/14
  1993 | Sewer    | Learned a level 4 spell: Summon Lightning Spire
  2524 | D:4      | Noticed an ogre
  2541 | D:4      | Killed an ogre
  2541 | D:4      | Reached skill level 5 in Spellcasting
  2541 | D:4      | Reached skill level 6 in Summonings
  2751 | D:4      | Noticed an ogre
  2766 | D:4      | Killed an ogre
  2766 | D:4      | Reached XP level 6. HP: 30/32 MP: 8/16
  2790 | D:4      | Noticed Blork the orc
  2832 | D:4      | Killed Blork the orc
  3513 | D:5      | Entered Level 5 of the Dungeon
  3643 | D:5      | Reached XP level 7. HP: 30/36 MP: 6/18
  3664 | D:5      | Found a sacrificial altar of Ru.
  3699 | D:5      | Reached skill level 7 in Summonings
  4039 | D:6      | Slain by an orc warrior

Vault maps used:
D:1:      minmay_arrival_floating_metal
D:2:      nicolae_qazlal_style_of_elements, kiku_gazebo_pond_becter,
          old_standard_altar, tso_metal_star, hex_large, ashenzari_altar_1,
          uniq_natasha
D:3:      lemuel_upstairs_altar, lemuel_crystal_altar, gup_sewer_entry_bowl
D:4:      first_bread, serial_bayou_pond_c, bh_walls_and_bars,
          uniq_blork_the_orc
D:5:      lemuel_round_altar, minmay_misc_feat_square
D:6:      nicolae_overflow_crystal_walls, lemuel_crystal_altar,
          lemuel_coloured_pillars_altar, nicolae_overflow_hidden_temple,
          uniq_prince_ribbit1
Sewer:    kennysheep_door_sewer

Action                   |  1- 3 |  4- 6 |  7- 9 || total
-------------------------+-------+-------+-------++-------
Melee: Short sword       |    15 |       |       ||    15
       Hand axe          |    19 |    43 |     4 ||    66
 Cast: Summon Small Mamm |    11 |     2 |       ||    13
       Call Imp          |    23 |    10 |     5 ||    38
       Call Canine Famil |     9 |    19 |     4 ||    32
       Summon Lightning  |       |     8 |     4 ||    12
  Use: Scroll            |       |     2 |       ||     2
 Stab: Sleeping          |     1 |     3 |       ||     4
       Distracted        |       |     2 |       ||     2
  Eat: Chunk             |     4 |     8 |     1 ||    13
       Pizza             |       |       |     1 ||     1
